 Dungeon Crawl Stone Soup version 0.30-a0-620-g0e44632947 (webtiles) character file.

Game seed: 7808427680853901162

67 Malachi the Gusty (level 3, -1/14 HPs)
             Began as a Felid Air Elementalist on Jan 10, 2023.
             Slain by a goblin
             ... wielding a +0 club
             ... led by Robin
              (3 damage)
             ... on level 3 of the Dungeon.
             The game lasted 00:04:25 (3085 turns).

Malachi the Gusty (Felid Air Elementalist)          Turns: 3085, Time: 00:04:25

Health: -1/14      AC:  1    Str:  4    XL:     3   Next: 98%
Magic:  6/8        EV: 17    Int: 18    God:
Gold:   129        SH:  0    Dex: 16    Spells: 1/7 levels left
                                        Lives:  0   Deaths: 0

rFire   . . .      SeeInvis +    (weapon unavailable)
rCold   . . .      Faith    .    (shield unavailable)
rNeg    . . .      Spirit   .    (body armour unavailable)
rPois   .          Reflect  .    (helmet unavailable)
rElec   .          Harm     .    (cloak unavailable)
rCorr   .          Rampage  .    (gloves unavailable)
Will    .....                    (boots unavailable)
Stlth   ++                       (no amulet)
HPRegen 0.22/turn                (no ring)
MPRegen 0.11/turn                (no ring)

@: quick
A: very small, claws 1, fangs 3, see invisible, speed 1, shaggy fur 1, stealthy
paws, no weapons or thrown items, no armour, multi-lived
a: no special abilities


You were on level 3 of the Dungeon.
You visited 1 branch of the dungeon, and saw 3 of its levels.

You collected 129 gold pieces.

Inventory:

Jewellery
 j - an amulet of faith
Scrolls
 f - a scroll of immolation {unknown}
 k - a scroll of identify
 l - a scroll of butterflies {unknown}
 m - a scroll of fear {unknown}
Potions
 a - a potion of magic
 b - a potion of ambrosia {unknown}
 c - a potion of flight {unknown}
 d - 2 potions of brilliance
 e - a potion of degeneration {unknown}
 g - 2 potions of curing {unknown}
 h - a potion of haste {unknown}
 i - 2 potions of might {unknown}


   Skills:
 - Level 2.7 Dodging
 - Level 2.7 Stealth
 + Level 2.7 Spellcasting
 - Level 0.9 Conjurations
 * Level 3.9 Air Magic


You had one spell level left.
You knew the following spells:

 Your Spells              Type           Power      Damage    Failure   Level
a - Shock                 Conj/Air       44%        1d5       6%          1
b - Static Discharge      Conj/Air       22%        2-3/arc   10%         2
c - Swiftness             Air            16%        N/A       10%         3

Your spell library contained the following spells:

 Spells                   Type           Power      Damage    Failure   Level
 Airstrike                Air            8%         2d(2-18)  32%         4
 Cause Fear               Hex            1%         N/A       86%         4
 Dragon Form              Tmut           1%         N/A       100%        7
 Dragon's Call            Summ           1%         N/A       100%        9


Dungeon Overview and Level Annotations

Branches:
Dungeon (3/15)

Altars:

Shops:
D:1 ?

Annotations:
D:3 Robin


Innate Abilities, Weirdness & Mutations

You have sharp claws.
You have razor-sharp teeth.
You have supernaturally acute eyesight. (SInv)
You cover ground quickly. (Speed+)
You are covered in fur. (AC +1)
Your paws help you pounce on unaware monsters.
You are incapable of wielding weapons or throwing items.
You cannot wear armour.
You gain extra lives every three experience levels.


Message History

Unknown command.
m - a scroll labelled AFRE USEROFU
Found a dagger. 2 goblins come into view.
There are monsters nearby!
There are monsters nearby!
There are monsters nearby!
The goblin shouts!
You hear a shout! x7
Robin of the Strong Arm comes into view.
They are wielding a +0 club.
A goblin comes into view. It is wielding a +0 dagger.
You hear a shout!
Robin throws the goblin at you!
A goblin comes into view. It is wielding a +0 dagger.
The goblin barely misses you.
You miss the goblin.
The goblin shouts!
You hear a shout!
Robin throws the goblin at you!
A goblin comes into view. It is wielding a +0 club.
The goblin hits you with a +0 dagger. The goblin hits you with a club.
Casting: Static Discharge (safe; 10% risk of failure)
Press: ? - help, Q - select action, (/) - cycle Dir - look around, f - activate The goblin is struck by an arc of lightning.
You kill the goblin!
You are struck by an arc of lightning.
* * * LOW HITPOINT WARNING * * *
The goblin is struck by an arc of lightning.
You kill the goblin!
The lightning grounds out.
Robin throws the goblin at you!
* * * LOW HITPOINT WARNING * * *
The goblin misses you.
Unknown command.
Okay, then.
As you read the scroll labelled CITSOBBOTUY, it crumbles to dust.
It is a scroll of identify.
d - 2 potions of brilliance Robin throws the goblin at you!
A goblin comes into view. It is wielding a +0 club.
The goblin hits you with a +0 club.
You die...

####.###.... ..#
#...# .... #..
#.### .... #.#
..... #.# #.# #.#
#.##############gg#
#..........g@ggg#
#..##.##.#######)g#
#..##.##.#
#.....##.#
##.#####.#
#.#####.# #.......#
#########


You could see Robin and 6 goblins.

Vanquished Creatures
  2 worms (D:2)
  A dart slug (D:2)
  8 ball pythons (D:1)
  3 endoplasms
  3 giant cockroaches
  5 goblins
  4 hobgoblins
  6 jackals
  2 kobolds
  3 quokkas
  5 bats
  4 frilled lizards
  8 rats
54 creatures vanquished.

Notes
Turn   | Place    | Note
-------+----------+-------------------------------------------
     0 | D:1      | Malachi the Felid Air Elementalist began the quest for the
                  | Orb.
     0 | D:1      | Reached XP level 1. HP: 7/7 MP: 4/4
   167 | D:1      | Found a faded altar of an unknown god.
   170 | D:1      | Reached skill level 3 in Air Magic
   171 | D:1      | Reached XP level 2. HP: 11/11 MP: 1/6
   569 | D:1      | Found Neodwi Jarch's Magic Scroll Shoppe.
  1128 | D:2      | Reached XP level 3. HP: 14/14 MP: 1/7
  1216 | D:2      | Learned a level 2 spell: Static Discharge
  1220 | D:2      | Learned a level 3 spell: Swiftness
  3081 | D:3      | Noticed Robin
  3085 | D:3      | Slain by a goblin

Illustrated notes

Levels and vault maps discovered:
D:1:      kennysheep_arrival_forest, layout_rooms, serial_shops, shop_statue,
          nicolae_ecumenical_snake_handling, minmay_split_cup_small
D:2:      kennysheep_six_static_rooms, layout_basic, columned_hall_lemuel
D:3:      layout_loops_cross, grunt_ministairs_5, item_on_display_b, uniq_robin

Skill      XL: |  1 |
---------------+----+-----
Air Magic      | 3 |  3.9
Dodging        | |  2.7
Stealth        | |  2.7
Spellcasting   | |  2.7
Conjurations   | |  0.9

Action                   || total
-------------------------++-------
Melee: Unarmed           ||    18
       Bite              ||     3
 Cast: Shock             ||    83
       Static Discharge  ||    25
  Use: Scroll            ||     2
Armor: Skin              ||     1
Dodge: Dodged            ||    47

Table legend: (Time is in decaauts)
 A = Elapsed time spent in this place.
 B = Non-inter-level travel time spent in this place.
 C = Inter-level travel time spent in this place.
 D = Time resting spent in this place.
 E = Time spent auto-exploring this place.
 F = Levels seen in this place.
 G = Mean time per level.
                   A        B        C        D        E       F      G
               +--------+--------+--------+--------+--------+-----+--------+
         Total |   2797 |   2766 |     31 |    506 |   1900 |   3 |  932.3 |
       Dungeon |   2797 |   2766 |     31 |    506 |   1900 |   3 |  932.3 |
               +--------+--------+--------+--------+--------+-----+--------+

Top non-repeatable levels by time:
     D:2: 1576 daAuts
     D:1: 1008 daAuts
     D:3: 212 daAuts
